[Event "Mitropa Cup Women 2022"]
[Site "Corte"]
[Date "2022.05.08"]
[Round "9.2"]
[White "Brunello, Marina"]
[Black "Terbe, Zsuzsanna"]
[Result "1-0"]
[ECO "C50"]
[WhiteElo "2349"]
[BlackElo "2183"]
[Annotator "TA"]
[PlyCount "117"]
[EventDate "2022.04.30"]
[EventType "team-tourn"]
[EventCountry "FRA"]
[SourceTitle "playchess.com"]
[Source "ChessBase"]
[SourceQuality "1"]
[WhiteTeam "Italy"]
[BlackTeam "Hungary"]
[WhiteTeamCountry "ITA"]
[BlackTeamCountry "HUN"]
[TimeControl "40/5400+30:1800+30"]

1. e4 e5 2. Nf3 Nc6 3. Bc4 Bc5 4. d3 Nf6 5. O-O O-O 6. Bb3 a6 7. c3 d6 8. Be3 {[%emt 0:00:23] C54: Giuoco Piano: 4 c3 Nf6, main lines with 5 d4 and 5 d3.} Ba7 9. Nbd2 Re8 10. Re1 {[%emt 0:01:09] The position is equal.} Be6 {[%emt 0:06:04] [#]} 11. Bc2 $146 ({Predecessor:} 11. Bxe6 fxe6 12. Bxa7 Rxa7 13. Qb3 Qd7 14. a4 b6 15. d4 exd4 16. cxd4 d5 17. Rad1 {1-0 (34) Ramos Aldoradin,J (2126)-Pablos Tenrero,R (1884) Madrid 2010}) 11... d5 ({Better is} 11... Bxe3 $11 12. fxe3 b5) 12. exd5 Bxd5 13. Bg5 Qd6 14. Ne4 Nxe4 15. dxe4 Be6 16. Qxd6 cxd6 17. Rad1 f6 18. Bc1 Red8 19. Bb3 Kf7 20. Rd3 Rd7 $2 {[%emt 0:01:28] [#]} (20... Bxb3 $11 21. axb3 Ne7) 21. Ng5+ $1 $16 fxg5 22. Rf3+ {[%emt 0:00:07][%mdl 64] Deflection} Ke8 23. Bxe6 Re7 24. Bg4 {[%emt 0:02:14] This bishop pair is nice.} h6 25. Rd1 Rd8 26. Rfd3 Bb8 27. Be3 Bc7 28. g3 Kf8 29. b4 Rf7 30. a4 Ke7 31. Rd5 {[%emt 0:03:03] aiming for b5.} Kf8 (31... Nb8 $16 32. a5 Nd7) 32. R5d2 Ra8 $2 {[%emt 0:07:54] [#]} (32... Rf6 $16 {was necessary.} 33. Be2 Rc8) 33. b5 $1 $18 axb5 34. axb5 Nd8 35. b6 Bb8 36. c4 Ke7 37. Bc8 Ra4 38. Rc2 Ke8 (38... Ne6 $142 39. Bxb7 Rb4) 39. Bf5 (39. c5 $18 dxc5 40. Bf5 Rxf5 41. exf5) 39... Rf6 40. Bc8 (40. c5 $142) 40... Rf7 $1 41. h3 (41. c5 $142 dxc5 42. Bf5 Rxf5 43. exf5) 41... Nc6 42. Be6 (42. Rcc1 $18) 42... Re7 $16 43. Bd5 {[%emt 0:00:37] Threatens to win with c5. White is much more active.} Rd7 {[%emt 0:08:32] [#]} (43... Nb4 $14 44. Rc3 Nxd5 45. cxd5 Kd7) 44. Rcc1 $1 $18 Nb4 45. Be6 Rd8 46. Ra1 Rxa1 47. Rxa1 Nc2 (47... Ke7 {was called for.}) 48. Rc1 Nb4 49. Kg2 Ke7 50. Bd5 Nxd5 51. cxd5 {[%emt 0:00:23][%mdl 4096] Endgame KRB-KRB} Rf8 52. Rh1 Rc8 53. Kf3 Rc4 54. h4 g4+ (54... gxh4 55. gxh4 Rc2) 55. Kxg4 {[%emt 0:00:04] Strongly threatening Rc1.} Rxe4+ 56. Kf5 Rc4 57. Rc1 Rxc1 58. Bxc1 Kf7 59. h5 {[%emt 0:00:05] Weighted Error Value: White=0.26 (precise) /Black=0.50} 1-0

[Event "Mitropa Cup Women 2022"]
[Site "Corte"]
[Date "2022.05.08"]
[Round "9.2"]
[White "Medic, Mirjana"]
[Black "Nemcova, Karin"]
[Result "1/2-1/2"]
[ECO "D05"]
[WhiteElo "2167"]
[BlackElo "2181"]
[Annotator "TA"]
[PlyCount "107"]
[EventDate "2022.04.30"]
[EventType "team-tourn"]
[EventCountry "FRA"]
[SourceTitle "playchess.com"]
[Source "ChessBase"]
[SourceQuality "1"]
[WhiteTeam "Croatia"]
[BlackTeam "Czech Republic"]
[WhiteTeamCountry "CRO"]
[BlackTeamCountry "CZE"]
[TimeControl "40/5400+30:1800+30"]

1. d4 e6 2. Nf3 d5 3. e3 Nf6 4. Bd3 c5 5. b3 Nc6 6. O-O Bd6 7. Bb2 O-O 8. c4 {[%emt 0:11:05] D05: Colle System with ...e6.} cxd4 9. exd4 a6 10. Nbd2 {[%emt 0:02:33] White is slightly better.} (10. c5 $5 Bc7 11. Nc3 $11) 10... Bd7 11. Ne5 {[%emt 0:04:46] [#]} (11. c5 $5 Be7 12. a3 $11) 11... Rc8 $146 ({Predecessor:} 11... Nb4 12. Bb1 b5 13. c5 Bc7 14. f4 Be8 15. Qe1 Nd7 16. Ndf3 Nxe5 17. dxe5 Nc6 18. Bxh7+ Kh8 19. Ng5 g6 20. Qh4 Kg7 21. Bxg6 Rh8 22. Qg4 {1-0 (23) Huber,F (2007)-Kronschnabl,M (1751) Bayerisch Eisenstein 2018}) 12. Rc1 Be8 13. Re1 (13. c5 $5 Be7 14. Re1 $14) 13... dxc4 14. Ndxc4 Bb4 15. Re2 (15. Rf1 $142) 15... b5 $11 16. Nxc6 Bxc6 17. Ne5 Bb7 18. Rxc8 Qxc8 19. Rc2 Qd8 20. Be2 Qa5 21. Qa1 Be4 22. Bd3 Bxd3 23. Nxd3 Nd5 24. Rc6 Be7 25. a3 Qd2 26. Ne5 (26. Ne1 $15) 26... Qe2 (26... Nf4 $1 $17 {aiming for ...Bh4.} 27. b4 Bf6) 27. Nf3 {[%emt 0:04:53] Prevents Bh4.} (27. Qb1 $15) 27... Nf4 $17 28. Qb1 {[%emt 0:00:10] [#] Prevents Qe4.} Nh3+ $1 29. gxh3 {[%emt 0:00:11] And now Kg2 would win.} Qxf3 30. Rc3 Qd5 31. Qc2 Bd6 32. Rc8 (32. Rc6 $17) 32... Qg5+ $19 33. Kf1 f5 $2 (33... Bxh2 34. Rxf8+ Kxf8 35. Qc8+ Ke7 36. Qb7+ Kf6 37. d5+ Be5 38. dxe6 fxe6 39. h4 $17) ({Black should play} 33... Qh5 $19 34. Rxf8+ Bxf8) 34. d5 exd5 35. Qc6 Rxc8 (35... Qd2 $2 36. Qxd6 $1 (36. Rxf8+ Bxf8 37. Qe6+ Kh8 $11) 36... Qd3+ 37. Kg1 (37. Kg2 Qe4+ 38. Kg1 Qe1+ 39. Kg2 Qe4+ 40. Kg1 Rxc8 $11) 37... Qb1+ 38. Bc1 Rxc8 39. Qe6+ Kf8 40. Qxc8+ $18) 36. Qxc8+ $11 {[%emt 0:00:03][%mdl 4096] Endgame KQB-KQB} Kf7 37. Qd7+ Be7 38. Qxd5+ Kg6 39. Qc6+ Bf6 40. Qxa6 {[%emt 0:01:18] Threatens to win with Qe6.} f4 (40... Qd2 $11 41. Bxf6 Qd1+ 42. Kg2 Qd5+ 43. f3 gxf6) 41. Bxf6 $1 $16 gxf6 {[%emt 0:31:33] KQ-KQ} 42. Qe6 $1 {[%emt 0:01:44] Strongly threatening Qg8+.} Kh6 (42... Qc5 $16 {keeps fighting.}) 43. Qe4 f5 (43... Qc5 $142 44. Qxf4+ Kg7 45. Qg4+ Kh8) 44. Qc6+ Kh5 {[%emt 0:00:00] [#]} 45. Qf3+ $2 (45. Qxb5 $6 f3 46. Qe8+ Kh4 $14) (45. a4 $1 $18 bxa4 46. bxa4) 45... Kh4 $11 46. a4 bxa4 47. bxa4 Qh6 48. Qd3 (48. Qb7 $14 {might be stronger.}) 48... Qe6 49. a5 h5 50. a6 {[%emt 0:00:00] a7 would kill now.} Qa2 $2 {[%emt 0:00:00][%mdl 8192] [#]} (50... Qc6 $11) 51. Kg2 $1 $18 (51. Qxf5 Qxa6+ 52. Kg1 Qa1+ 53. Kg2 Qa8+ 54. Kf1 Qa6+ 55. Kg2 Qa8+ 56. Kf1 Qh1+ 57. Ke2 Qxh2 $11) 51... Qg8+ 52. Kf3 Qg7 $2 (52... Qa2 53. Kxf4 Qxf2+ 54. Qf3 Qd4+ 55. Kxf5 Qc5+ 56. Ke4 (56. Kg6 Qf5+ 57. Kxf5 $11) 56... Qe7+ 57. Kd5 Qd7+ 58. Kc5 Qe7+ 59. Kd5 Qd7+ 60. Kc5 Qc7+ 61. Qc6 Qxh2 62. Qa4+ Kxh3 63. Qb3+ (63. a7 Qe5+ 64. Kc4 Qe4+ 65. Kb5 Qe5+ 66. Kb6 Qe3+ 67. Kb7 Qe7+ 68. Kb6 Qd8+ 69. Kc5 Qg5+ 70. Kc6 Qf6+ 71. Kd7 Qf5+ 72. Kd6 Qf6+ 73. Kd7 Qf5+ 74. Kd8 Qg5+ 75. Ke8 Qg8+ 76. Ke7 Qg7+ 77. Ke8 Qg8+ 78. Ke7 Qg7+ 79. Kd8 Qg5+ 80. Ke8 Qg8+ $11) 63... Kh4 64. Qc4+ Kh3 65. Qe6+ Kh4 66. Qf6+ Kg4 67. Qg7+ Kh4 68. Qe7+ Kg4 69. Qg7+ Kh4 70. Qf6+ Kg4 71. Qg7+) 53. Kxf4 {[%emt 0:00:00] Intending Qg3+ and mate.} ({Not} 53. Qxf5 Qc3+ 54. Kg2 (54. Kxf4 Qc1+ 55. Ke5 Qc5+ 56. Ke6 Qc8+ 57. Ke5 Qc5+ 58. Kf4 Qc1+ 59. Kf3 Qc3+ 60. Ke4 Qb4+ 61. Ke3 Qe1+ 62. Kf4 Qc1+ $11) 54... Qg7+ 55. Kf1 (55. Kf3 Qc3+ 56. Kxf4 Qc1+ 57. Ke4 Qe1+ 58. Kd5 Qa5+ 59. Ke6 Qb6+ 60. Ke7 Qd8+ 61. Kxd8 $11) 55... Qa1+ 56. Kg2 Qg7+ 57. Kh1 (57. Kf3 Qc3+ 58. Kxf4 Qc1+ 59. Kf3 Qc3+ 60. Ke4 Qe1+ 61. Kf4 Qc1+ 62. Kf3 Qc3+ 63. Ke2 Qb2+ 64. Kf1 Qa1+ 65. Kg2 Qg7+ 66. Kh1 Qa1+ 67. Kg2 Qg7+ 68. Kh1 Qa1+ 69. Kg2 $11) 57... Qa1+ 58. Kg2 Qg7+ $11) 53... Qd4+ 54. Qxd4 {[%mdl 32768] A wild game.  Weighted Error Value: White=0.19 (very precise) /Black=0.47. An unexpected result.} 1/2-1/2

[Event "Mitropa Cup Women 2022"]
[Site "Corte"]
[Date "2022.05.08"]
[Round "9.2"]
[White "Hund, Sarah"]
[Black "Nadzamova, Viktoria"]
[Result "0-1"]
[ECO "B22"]
[WhiteElo "2086"]
[BlackElo "2135"]
[Annotator "TA"]
[PlyCount "150"]
[EventDate "2022.04.30"]
[EventType "team-tourn"]
[EventCountry "FRA"]
[SourceTitle "playchess.com"]
[Source "ChessBase"]
[SourceQuality "1"]
[WhiteTeam "Switzerland"]
[BlackTeam "Slovakia"]
[WhiteTeamCountry "SUI"]
[BlackTeamCountry "SVK"]
[TimeControl "40/5400+30:1800+30"]

1. e4 c5 2. c3 d6 3. d4 cxd4 4. cxd4 g6 5. Nc3 Bg7 6. Nf3 a6 {[%emt 0:03:55] B22: Sicilian: 2 c3.} 7. Bc4 {[%emt 0:03:04] 7.Bc4 scores better than 7.Be2.} e6 (7... b5 $14 8. Bb3 (8. Bd5 Ra7 $14) 8... Nc6) 8. O-O Ne7 {[%emt 0:01:12] White is slightly better.} 9. Re1 O-O {[%emt 0:01:49] [#]} 10. Bb3 $146 ({Predecessor:} 10. a4 Bd7 11. Bg5 Nbc6 12. Qd2 Re8 13. Rad1 Qc7 14. Ba2 Nb4 15. Bb3 Nbc6 16. Rc1 {1-0 (41) Lieder,G (1847)-Dittrich,T Berlin 2011}) 10... b5 11. Bg5 h6 12. Be3 Bb7 13. a3 Nd7 14. Qd3 Rc8 15. h3 Nc6 16. Rad1 Na5 17. Bc2 (17. Ba2 $11) 17... Nc4 $15 18. Bc1 {[%emt 0:01:11] [#]} Qc7 $1 19. h4 {[%emt 0:13:01] [#]} (19. Bb3 $142) 19... h5 (19... Nxa3 $1 $17 20. Bb3 Nc4 21. Bxc4 Qxc4 22. Qxc4 Rxc4) 20. Ng5 {[%emt 0:02:47] [#]} Nxa3 $1 21. Bb3 Nc4 22. Ne2 e5 23. Qh3 Rce8 24. d5 Bc8 (24... Nc5 $17 25. Bc2 a5) 25. Qf3 (25. Qc3 $15) 25... Nc5 $17 26. Bxc4 (26. Bc2 $17 {keeps fighting.}) 26... bxc4 $19 27. Qc3 f6 28. Nf3 Nxe4 29. Qc2 (29. Qa3 $142) 29... f5 30. Be3 $2 (30. Ng5) 30... Nf6 {[%emt 0:01:14] aiming for ...f4.} 31. Ng5 Ng4 32. Bd2 Qc5 33. Rf1 Rf6 ({Weaker is} 33... Qxd5 34. Bb4 Qb5 35. Bxd6 $17) (33... Bd7 $19 {has better winning chances. White must now prevent ...Bf6.} 34. Bc3 Rb8) 34. Bc3 (34. b3 $17 {was necessary.}) 34... Bh6 35. Ng3 (35. Qa4 $17 Rff8 36. Qc6) 35... Bb7 36. Qd2 Rff8 37. Bb4 Qb6 38. Qc3 Nf6 39. Qa3 Nxd5 ({Inferior is} 39... Bxd5 40. Bxd6 Qc6 41. f3 $17 (41. Bxf8 $2 Bxf8 42. Qa2 Bxg2 $19)) 40. Bxd6 Rf6 41. Bc5 Qc6 42. f3 Bxg5 (42... Nf4 $142 {And now ...Nd3 would win.} 43. Be3 Bf8) 43. hxg5 Rf7 44. Rc1 $2 (44. Ne2 {is a better defense.}) 44... Nf4 {[%emt 0:03:58] Strongly threatening ...h4.} 45. Rxc4 h4 46. Nh1 h3 47. g3 (47. Rxf4 $142 hxg2 48. Rh4 gxf1=N 49. Kxf1) 47... h2+ 48. Kxh2 Rh7+ 49. Kg1 Nh3+ 50. Kg2 e4 51. Rc3 exf3+ 52. Rfxf3 Qe6 53. Rce3 Bxf3+ 54. Kxf3 Qd5+ 55. Ke2 Qg2+ 56. Kd3 Rd7+ 57. Kc3 Qd2+ 58. Kc4 Qd5+ 59. Kb4 Rxe3 (59... Rb7+ $142 60. Kc3 Rxe3+ 61. Bxe3 Rc7+ 62. Bc5 Rxc5+ 63. Qxc5 Qxc5+ 64. Kd3 Qd5+ 65. Ke2 Qxh1 66. Kd3 Qd5+ 67. Kc3 Nxg5 68. Kc2 Ne4 69. b4 Qc4+ 70. Kb2 Qc3+ 71. Ka2 Nd2 72. g4 Qc2+ 73. Ka3 Nc4#) 60. Qxe3 Qd2+ 61. Kc4 Qc2+ 62. Qc3 Qxc3+ (62... Qe4+ $142 63. Bd4 Rc7+ 64. Kb3 Rxc3+ 65. bxc3 Qxh1) 63. Kxc3 {[%emt 0:00:44][%mdl 4096] Endgame KRN-KBN} Rd1 64. Nf2 Rc1+ 65. Kb4 {[%emt 0:01:08] [#]} (65. Kd2 $142 Rxc5 66. Nxh3) 65... Rxc5 $1 66. Nxh3 {[%emt 0:00:07] KR-KN} Rc2 67. b3 Rg2 68. Nf4 Rxg3 {[%emt 0:00:12] ( -> ...Rg4)} 69. Nxg6 Rxg5 {[%emt 0:00:13] Black mates.} 70. Ne5 f4 71. Nf3 Rg3 72. Nd2 f3 73. Ka5 f2 74. b4 Ra3+ 75. Kb6 Kf7 {[%emt 0:00:51] Weighted Error Value: White=0.62/Black=0.35} 0-1

[Event "Mitropa Cup Women 2022"]
[Site "Corte"]
[Date "2022.05.08"]
[Round "9.3"]
[White "Mihok-Juhasz, Barbara"]
[Black "Sedina, Elena"]
[Result "1-0"]
[ECO "B03"]
[WhiteElo "2202"]
[BlackElo "2249"]
[Annotator "TA"]
[PlyCount "95"]
[EventDate "2022.04.30"]
[EventType "team-tourn"]
[EventCountry "FRA"]
[SourceTitle "playchess.com"]
[Source "ChessBase"]
[SourceQuality "1"]
[WhiteTeam "Hungary"]
[BlackTeam "Italy"]
[WhiteTeamCountry "HUN"]
[BlackTeamCountry "ITA"]
[TimeControl "40/5400+30:1800+30"]

1. e4 Nf6 2. e5 Nd5 3. c4 Nb6 4. d4 d6 5. exd6 cxd6 6. Nc3 g6 7. Be3 Bg7 8. Rc1 O-O 9. b3 d5 {[%emt 0:12:30] B03: Alekhine's Defence: Four Pawns Attack.} (9... e5 $14) 10. c5 $16 Nc6 11. cxb6 {[%emt 0:21:20] aiming for Bb5.} e5 {[%emt 0:00:13][%cal Re5d4] White is better.} 12. Nb5 {[%emt 0:13:26] [#]} (12. Nge2 $1 $16 {Threatens to win with dxe5.} exd4 13. Nxd4) 12... exd4 $146 ({Predecessor:} 12... axb6 13. a4 Re8 14. Be2 exd4 15. Nxd4 Bxd4 16. Bxd4 Qg5 17. Be3 Qe7 18. Nf3 d4 19. Nxd4 Nxd4 20. Qxd4 Be6 21. O-O Bxb3 22. Bb5 Red8 23. Qxb6 Bxa4 24. Bxa4 {1-0 (24) Jimenez Hernandez,C (2313)-O'Neill Y Daneiko,J (1924) Altea 2021}) 13. Bf4 (13. Nxd4 Bxd4 14. Bxd4 Re8+ 15. Ne2 axb6 $14) 13... Qf6 {[%emt 0:53:22] [#]} (13... Bf5 $11) 14. Qd2 $1 $16 {[%emt 0:03:07] Hoping for Nc7. White stays focused until the end.} ({Much worse is} 14. Ne2 $6 axb6 15. Qd2 d3 $11) 14... axb6 15. Bd3 Bf5 (15... Rxa2 $2 16. Qxa2 Qxf4 17. Ne2 $18) 16. Bxf5 Qxf5 17. Ne2 d3 {[%emt 0:00:44] [#]} 18. Ng3 Qe6+ 19. Kf1 {[%emt 0:00:15][%cal Be1f1,Bf1g1,Bg1h2][%mdl 32] Nc7 is the strong threat.} Qd7 (19... Qf6 {was necessary.}) 20. a4 $18 ({Wrong is} 20. Qxd3 $2 Nb4 21. Qf3 (21. Qe2 $2 Rxa2 22. Qf3 Qxb5+ 23. Kg1 Nd3 $19) 21... Nxa2 $19) 20... Na5 21. Qxd3 Rac8 22. Rd1 h5 23. h3 Rfd8 24. Kg1 Nc6 25. Kh2 Ne5 26. Qd2 {[%emt 0:01:27] White is clearly winning.} h4 27. Ne2 d4 28. Nexd4 Qd5 29. Rhe1 Bf6 30. Kg1 Qc5 31. Rc1 Qd5 32. Rxc8 Rxc8 33. Bxe5 Bxe5 34. Nf3 Qxd2 35. Nxd2 {[%emt 0:00:04] Pair of Knights!} Bf4 36. Nc4 Rd8 37. Kf1 Rd3 38. Rb1 Kf8 39. Ke2 Rd7 40. Rd1 Re7+ 41. Kf3 Bg5 42. Nxb6 Re6 43. Nd7+ Ke7 44. Nc5 Rf6+ 45. Ke2 b6 46. Ne4 Re6 47. Kf3 Bh6 48. Nd4 {[%emt 0:00:00] Weighted Error Value: White=0.17 (very precise) /Black=0.34} 1-0

[Event "Mitropa Cup Women 2022"]
[Site "Corte"]
[Date "2022.05.08"]
[Round "9.3"]
[White "Sikorova, Olga"]
[Black "Berke, Ana"]
[Result "1/2-1/2"]
[ECO "A04"]
[WhiteElo "2173"]
[BlackElo "2150"]
[Annotator "TA"]
[PlyCount "123"]
[EventDate "2022.04.30"]
[EventType "team-tourn"]
[EventCountry "FRA"]
[SourceTitle "playchess.com"]
[Source "ChessBase"]
[SourceQuality "1"]
[WhiteTeam "Czech Republic"]
[BlackTeam "Croatia"]
[WhiteTeamCountry "CZE"]
[BlackTeamCountry "CRO"]
[TimeControl "40/5400+30:1800+30"]

1. Nf3 c5 2. c4 Nc6 3. Nc3 e5 4. e3 Nf6 5. d4 cxd4 6. exd4 e4 7. Ne5 Bb4 8. Be2 Qa5 9. Nxc6 dxc6 10. O-O {[%emt 0:10:28] A34: Symmetrical English: 2 Nc3, lines with ...d5.} O-O 11. Bd2 Re8 12. a3 {[%emt 0:01:29] White is slightly better.} Bxc3 13. Bxc3 Qg5 {[%emt 0:00:26] Strongly threatening ...Bh3.} 14. Qc1 Qg6 {[#] White must now prevent ...Bh3.} 15. Qf4 Bg4 16. Bxg4 {[%emt 0:01:32] [#]} Nxg4 $146 ({Predecessor:} 16... Qxg4 17. Qxg4 Nxg4 18. h3 Nf6 19. Rad1 Nh5 20. d5 cxd5 21. cxd5 Nf4 22. f3 Rad8 23. fxe4 Rxe4 {½-½ (47) Teverovski,B (2045)-Duttagupta,A (1829) FICGS email 2016}) 17. h3 Nf6 18. Rad1 $36 {[%emt 0:15:29][%mdl 2048] White has good play.} Rad8 {[%emt 0:11:38] Prevents d5.} 19. Rfe1 b5 20. d5 bxc4 (20... cxd5 $11 21. cxb5 Nh5) 21. Bxf6 ({Only move:} 21. dxc6 $16 {aiming for Rxd8.} Nd5 22. Qg4 Qxg4 23. hxg4 Nxc3 24. Rxd8 (24. bxc3 Rc8 $14) 24... Rxd8 25. bxc3) 21... Qxf6 $11 22. Qxf6 {[%emt 0:00:22][%mdl 64] [#] Remove Defender} gxf6 23. dxc6 {[%emt 0:00:20][%mdl 4096] Endgame Hoping for Rxd8. KRR-KRR} f5 $2 ({Black should try} 23... Rc8 $14) 24. Rd7 $2 ({White has to play} 24. Rxd8 $18 Rxd8 25. Rc1) 24... Rxd7 {[%emt 0:08:34] The position is equal.} 25. cxd7 {[%emt 0:00:04] KR-KR} Rd8 26. Rd1 Kf8 $1 27. g4 Ke7 28. Rd4 Rxd7 29. Rxc4 Rd2 30. gxf5 Rxb2 31. Rxe4+ Kf6 32. Ra4 Rb7 33. Ra5 Kg5 34. Kg2 f6 35. Kg3 Rc7 ({Don't take} 35... Rb3+ 36. f3 $16) 36. h4+ Kh5 37. Ra6 Rg7+ 38. Kf3 Kxh4 39. Rxf6 Kg5 40. Rf8 h5 41. Kg3 h4+ 42. Kh3 Rc7 43. Rg8+ Kh5 44. Rh8+ Kg5 45. Rg8+ Kh5 46. Kg2 Rf7 47. f4 {And now Rg5+ would win.} Rxf5 48. Kf3 Ra5 49. Rh8+ Kg6 50. Kg4 Rxa3 51. Rxh4 Ra5 52. Rh8 Kf6 53. Rh6+ Kf7 54. Rc6 Rb5 55. Rc7+ Kf6 56. Rxa7 Rc5 57. Ra6+ Kf7 58. Rd6 Ra5 59. Kf3 Ra3+ 60. Kg4 Ra5 61. Rb6 Rc5 62. Ra6 {[%emt 0:01:22] Weighted Error Value: White=0.17 (very precise) /Black=0.16 (very precise)} 1/2-1/2

[Event "Mitropa Cup Women 2022"]
[Site "Corte"]
[Date "2022.05.08"]
[Round "9.3"]
[White "Sankova, Stella"]
[Black "Pellicoro, Nathalie"]
[Result "1-0"]
[ECO "C55"]
[WhiteElo "2055"]
[BlackElo "1898"]
[Annotator "TA"]
[PlyCount "79"]
[EventDate "2022.04.30"]
[EventType "team-tourn"]
[EventCountry "FRA"]
[SourceTitle "playchess.com"]
[Source "ChessBase"]
[SourceQuality "1"]
[WhiteTeam "Slovakia"]
[BlackTeam "Switzerland"]
[WhiteTeamCountry "SVK"]
[BlackTeamCountry "SUI"]
[TimeControl "40/5400+30:1800+30"]

1. e4 e5 2. Nf3 Nc6 3. Bc4 Nf6 4. d3 Be7 5. Nbd2 O-O 6. c3 d5 7. Bb3 dxe4 {[%emt 0:03:31] 7...Be6 might become the main line. C55: Two Knights: 4 d3, 4 d4 exd4 5 e5 and Max Lange Attack.} 8. dxe4 Bg4 (8... Bc5 $11 {should be considered.}) 9. h3 $14 Bh5 {[%emt 0:01:31] White is slightly better.} 10. Qe2 Qd7 11. Nf1 {[%emt 0:03:37] [#]} Bg6 $146 ({Predecessor:} 11... Rad8 12. Bc2 h6 13. g4 Bg6 14. Ng3 Nh7 15. Bd2 Rfe8 16. O-O-O Bd6 17. h4 f6 {1-0 (32) Khachatourian,Y (1921)-Brun,N (1557) Fagernes 2011}) 12. Bc2 h6 (12... Nh5 $11 {remains equal.}) 13. g4 Rfe8 (13... a5 $14) 14. Ng3 $16 {[%emt 0:02:39] White leaves nothing to chance now.} Rad8 15. Nh4 Bh7 {[%emt 0:16:26][%cal Of6e4] [#]} 16. Nhf5 $1 Bf8 17. Qf3 Ne7 {[%emt 0:18:04] [#]} 18. Nxh6+ gxh6 19. Qxf6 {[%emt 0:00:06] Strongly threatening Nf5.} Bg7 20. Qf3 Qb5 (20... Ng6 $142 21. O-O Nf4) 21. Nf5 Nxf5 (21... Ng6 $142 22. a4 (22. Bxh6 Qxb2 23. O-O Bxh6 $16) 22... Qc4) 22. gxf5 $40 {[%emt 0:00:09][%mdl 128] White goes for the king.} Rd6 23. Rg1 Kh8 24. Qe2 Qa5 (24... a6 25. Bb3 (25. Qg4 Rg8 $18) 25... Qxe2+ 26. Kxe2 f6) 25. Bb3 (25. Qg4 Bf8 26. Bb3 Red8 $18) 25... Red8 26. Be3 (26. Qg4 Bf8 27. Kf1 (27. Bxf7 R8d7 $11) 27... Qa6+ 28. Kg2 c5 29. Bxf7 R8d7 $18) 26... R8d7 27. Kf1 ({But not} 27. Qg4 Bf8 28. Qe2 c6 $18) 27... c6 (27... Qa6 $142 28. Bc4 Qa4) 28. Kg2 ({Not} 28. Qg4 Bf8 29. Qh5 Rf6 $18) 28... Qd8 29. Rad1 Qh4 30. Qg4 {[%emt 0:06:06] Active counter play!} ({Don't play} 30. Bxa7 Rxd1 31. Rxd1 Rxd1 $18) 30... Qe7 (30... Qxg4+ 31. hxg4 Rxd1) 31. Bc5 {[%emt 0:02:38] White is clearly winning.} b6 32. Bxd6 Rxd6 33. Rxd6 Qxd6 34. Bxf7 Qe7 35. Be6 Bg8 36. Bxg8 {[%emt 0:00:39][%cal Og4g6] And now Qg6! would win.} Kxg8 37. Kf3 Qf6 {[%emt 0:00:36] [#]} 38. Qxg7+ $1 Qxg7 39. Rxg7+ Kxg7 40. Kg4 {[%emt 0:00:09] Weighted Error Value: White=0.23 (precise) /Black=0.42} 1-0

[Event "Mitropa Cup Women 2022"]
[Site "Corte"]
[Date "2022.05.08"]
[Round "9.4"]
[White "Gueci, Tea"]
[Black "Demeter, Dorina"]
[Result "1/2-1/2"]
[ECO "C84"]
[WhiteElo "2248"]
[BlackElo "2235"]
[Annotator "TA"]
[PlyCount "104"]
[EventDate "2022.04.30"]
[EventType "team-tourn"]
[EventCountry "FRA"]
[SourceTitle "playchess.com"]
[Source "ChessBase"]
[SourceQuality "1"]
[WhiteTeam "Italy"]
[BlackTeam "Hungary"]
[WhiteTeamCountry "ITA"]
[BlackTeamCountry "HUN"]
[TimeControl "40/5400+30:1800+30"]

1. e4 e5 2. Nf3 Nc6 3. Bb5 a6 4. Ba4 Nf6 5. O-O Be7 6. d3 b5 7. Bb3 d6 8. a3 O-O 9. Nc3 Bg4 10. Be3 Nd4 {[%emt 0:01:50] C84: Closed Ruy Lopez: Unusual White 6th moves.} 11. Bxd4 exd4 12. Nd5 c5 {[%emt 0:06:57] 12...Nxd5 gains popularity.} 13. h3 Be6 14. Nxf6+ Bxf6 15. Bxe6 fxe6 16. a4 Qd7 17. b3 {[%emt 0:05:45] [#]} Ra7 $146 ({Predecessor:} 17... Be7 18. Qe2 Qe8 19. g3 Qf7 20. Kg2 e5 21. h4 Qe6 22. Nd2 Qg6 23. Rh1 h5 {1-0 (35) Chigaev,M (2588)-Kondakov,A (1986) Chess.com INT 2020}) 18. Nh2 (18. e5 $5 dxe5 19. Re1 $14) 18... Bg5 (18... Rc7 $11) 19. Qg4 $16 Bd2 20. axb5 a5 {[%emt 0:00:58] [#]} 21. Nf3 (21. Rad1 $1 $16 Bb4 22. f4) 21... Bc3 $14 22. Ra2 Rb7 23. Ng5 Rf6 (23... Re8 $14) 24. e5 $16 dxe5 25. Qe4 Rg6 26. Nf3 ({Much weaker is} 26. Qxe5 $6 Qd5 27. Qxd5 exd5 $11) 26... Qd5 27. Nxe5 (27. b6 {is more complex.} Rh6 28. Nxe5 Rxb6 29. Ra4) 27... Qxe4 28. dxe4 Rh6 29. Rd1 Rxb5 30. Ra4 Rh5 31. Nd3 {[%emt 0:03:14] White is more active.} Bb4 32. Kh2 e5 (32... Rh6 $142) 33. g4 Rh6 34. Nxe5 Re6 {[%emt 0:00:16] [#]} 35. f4 ({Only move:} 35. Nc4 $1 $16) 35... g5 $11 {[%emt 0:00:01] The position is equal.} 36. Kg3 Rb8 {[%emt 0:01:56] Strongly threatening ...gxf4+.} 37. Nd3 {[%emt 0:02:19] Black must now prevent e5.} Rxe4 {[%emt 0:00:53] And now ...Re3+ would win.} 38. fxg5 ({Much worse is} 38. Nxb4 gxf4+ 39. Kf3 Re3+ 40. Kxf4 axb4 $15) 38... Re3+ 39. Kh4 Rf8 {[%emt 0:01:33] Prevents Rf1.} 40. Nxb4 Rff3 41. Rh1 axb4 {[%emt 0:02:21][%mdl 4096] Endgame KRR-KRR} 42. Ra7 d3 43. cxd3 Rxd3 44. Rc7 Rxb3 45. Rxc5 Rbc3 46. Rb5 b3 47. Rb7 Rcd3 48. g6 h6 49. g5 hxg5+ 50. Kxg5 {[%emt 0:00:28] h4 is the strong threat.} Rxh3 51. Rb8+ Kg7 52. Rb7+ Kg8 {[%emt 0:00:08] Weighted Error Value: White=0.11 (very precise) /Black=0.10 (very precise)} 1/2-1/2